 Dungeon Crawl Stone Soup version 0.26.0-10-g1f06aea511 (webtiles) character file.

Game seed: 13395321238111498819

10342 Borgoz the Carver (level 11, -7/97 HPs)
             Began as a Ghoul Gladiator on Jan 14, 2021.
             Was a Follower of Ashenzari.
             Mangled by a 14-headed hydra (13 damage)
             ... on level 11 of the Dungeon.
             The game lasted 00:20:54 (13480 turns).

Borgoz the Carver (Ghoul Gladiator)                Turns: 13480, Time: 00:20:54

Health: -7/97      AC: 13    Str: 19    XL:     11   Next: 60%
Magic:  10/10      EV: 14    Int:  3    God:    Ashenzari [*.....]
Gold:   432        SH:  3    Dex: 13    Spells: 10/10 levels left

rFire    + . .     SeeInvis +   D - +2 scimitar
rCold    + . .     Faith    .   w - +0 buckler
rNeg     + + +     Spirit   .   d - +0 ring mail of Polish {Slay+2} (curse)
rPois    ∞         Reflect  .   g - +2 hat
rElec    .         Harm     .   G - +0 cloak
rCorr    .         Rampage  .   I - +0 pair of gloves
Will     .....                  n - +1 pair of boots
Stlth    +.........             (no amulet)
HPRegen  0.00/turn              r - ring of see invisible
MPRegen  0.12/turn              h - ring of protection from fire

@: no status effects
A: claws 1, cold resistance 1, negative energy resistance 3, inhibited
regeneration, torment resistance, unbreathing
a: Renounce Religion, Curse Item, Scrying


You were on level 11 of the Dungeon.
You worshipped Ashenzari.
Ashenzari was aware of your devotion.
You visited 2 branches of the dungeon, and saw 12 of its levels.

You collected 694 gold pieces.
You spent 262 gold pieces at shops.

Inventory:

Hand Weapons
 D - a +2 scimitar (weapon)
Armour
 b - a +1 ring mail of cold resistance
 d - the cursed +0 ring mail of Polish (worn) {Slay+2}
   (You bought it in a shop on level 9 of the Dungeon)

   It affects your accuracy and damage with ranged weapons and melee attacks
   (+2).
   It has a curse placed upon it.
 g - a +2 hat (worn)
 n - a +1 pair of boots (worn)
 v - +0 acid dragon scales
 w - a +0 buckler (worn)
 G - a +0 cloak (worn)
 I - a +0 pair of gloves (worn)
Jewellery
 h - a ring of protection from fire (right hand)
 l - an uncursed ring of protection from cold
 r - a ring of see invisible (left hand)
 s - an uncursed amulet of reflection
Wands
 f - a wand of iceblast (7)
 m - a wand of paralysis (5)
 q - a wand of flame (21)
Scrolls
 e - 2 scrolls of identify
 o - 4 scrolls of magic mapping
 p - a scroll of teleportation
 u - a scroll of blinking
 C - 9 scrolls of remove curse
Potions
 c - 2 potions of brilliance
 i - a potion of heal wounds
 j - 3 potions of flight
 k - a potion of cancellation
 z - 2 potions of curing
 E - a potion of resistance


   Skills:
 + Level 9.2 Fighting
 * Level 10.8 Long Blades
 - Level 1.7 Throwing
 + Level 7.2 Armour
 + Level 7.9 Dodging


You had 10 spell levels left.
You didn't know any spells.
Your spell library was empty.

Dungeon Overview and Level Annotations

Branches:
Dungeon (11/15)            Temple (1/1) D:4
   Lair: D:8-11         Orc: D:9-12

Altars:
Ashenzari
Cheibriados
Dithmenos
Elyvilon
Fedhas
Gozag
Hepliaklqana
Kikubaaqudgha
Makhleb
Nemelex Xobeh
Okawaru
Qazlal
Ru
Sif Muna
Trog
Uskayaw
Vehumet
Wu Jian
Xom
Yredelemnul
Zin
The Shining One

Shops:
D:9 [


Innate Abilities, Weirdness & Mutations

You thrive by killing the living.
You are immune to poison.
You have sharp fingernails.
Your flesh is cold resistant. (rC+)
You are immune to negative energy. (rN+++)
You do not regenerate when monsters are visible.
You are immune to unholy pain and torment.
You can survive without breathing.


Message History

The helpless 13-headed hydra fails to defend itself.
You slice one of the 13-headed hydra's heads off!
The 12-headed hydra grows two more!
You slash the 14-headed hydra!
The 14-headed hydra is moderately wounded.
The 14-headed hydra is no longer paralysed.
The 14-headed hydra barely misses you. The 14-headed hydra bites you.
You block the 14-headed hydra's attack. The 14-headed hydra bites you.
* * * LOW HITPOINT WARNING * * *
The 14-headed hydra bites you!
* * * LOW HITPOINT WARNING * * *
The 14-headed hydra barely misses you.
The 14-headed hydra closely misses you. x2
The 14-headed hydra barely misses you. The 14-headed hydra bites you.
* * * LOW HITPOINT WARNING * * *
The 14-headed hydra bites you but does no damage.
The 14-headed hydra bites you!
* * * LOW HITPOINT WARNING * * *
The 14-headed hydra bites you.
* * * LOW HITPOINT WARNING * * *
The 14-headed hydra bites you!
You die...

##### ..... ......
......########
#..÷..?...#
#.........#
##.........#
#...+........@D..#
##...####.........#
#.....................
#..!.#............####
#...$#.....########
#....#######
#..........#
#..........#
#.#........#


You could see a 14-headed hydra.

Vanquished Creatures
  Harold (D:8)
  2 two-headed ogres
  A manticore (D:11)
  A troll (D:9)
  A wraith (D:9)
  Sigmund (D:3)
  A wyvern (D:10)
  12 yaks (D:9)
  An acid dragon (D:11)
  A water moccasin (D:10)
  3 sky beasts
  4 orc warriors
  4 phantoms
  2 ice beasts (D:9)
  5 ogres
  6 centaurs
  A big kobold (D:9)
  6 bullfrogs
  A gnoll sergeant (D:7)
  A wyvern zombie (D:9)
  19 killer bees (D:10)
  12 wights
  3 howler monkeys (D:8)
  2 bullfrog zombies
  A quasit (D:7)
  A hound (D:5)
  7 orc priests
  2 orc wizards
  A centaur zombie (D:7)
  A jelly (D:8)
  Crazy Yiuf (D:6)
  2 bullfrog skeletons
  A centaur skeleton (D:10)
  Jessica (D:2)
  Natasha (thrice) (D:3)
  4 iguanas
  8 worker ants
  2 killer bee zombies
  A hound zombie (D:6)
  A hound skeleton (D:5)
  12 adders
  A shadow imp (D:9)
  3 ufetubi
  An ooze (D:5)
  3 adder skeletons
  10 worms
  3 leopard geckos
  30 orcs
  11 bats
  3 giant cockroaches
  8 goblins
  5 hobgoblins (D:1)
  22 jackals
  4 quokkas
  7 frilled lizards
  10 kobolds
  A quokka zombie (D:6)
  10 rats
272 creatures vanquished.

Vanquished Creatures (others)
  10 fungi (D:11)
  5 plants (D:11)
15 creatures vanquished.

Grand Total: 287 creatures vanquished

Notes
Turn   | Place    | Note
-------+----------+-------------------------------------------
     0 | D:1      | Borgoz the Ghoul Gladiator began the quest for the Orb.
     0 | D:1      | Reached XP level 1. HP: 17/17 MP: 0/0
   204 | D:1      | Reached XP level 2. HP: 21/25 MP: 1/1
   354 | D:1      | Reached skill level 3 in Long Blades
   563 | D:1      | Reached XP level 3. HP: 30/30 MP: 2/2
  1061 | D:2      | Noticed Jessica
  1069 | D:2      | Killed Jessica
  1070 | D:2      | Reached skill level 1 in Armour
  1070 | D:2      | Reached XP level 4. HP: 32/37 MP: 3/3
  1960 | D:3      | Noticed Sigmund
  1967 | D:3      | Killed Sigmund
  1968 | D:3      | Reached skill level 4 in Long Blades
  1968 | D:3      | Reached XP level 5. HP: 37/45 MP: 4/4
  1968 | D:3      | Reached XP level 6. HP: 42/51 MP: 5/5
  2014 | D:3      | HP: 1/52 [orc/+0 halberd (5)]
  2674 | D:3      | Noticed Natasha
  2681 | D:3      | Killed Natasha
  2778 | D:3      | Noticed Natasha
  2782 | D:3      | Killed Natasha
  2787 | D:3      | Noticed Natasha
  2794 | D:3      | Killed Natasha
  3020 | D:3      | You fall into a shaft and drop 2 floors!
  3020 | D:5      | Entered Level 5 of the Dungeon
  3026 | D:5      | Reached XP level 7. HP: 59/59 MP: 6/6
  3041 | D:5      | Reached skill level 5 in Long Blades
  3175 | D:5      | Found an iron altar of Okawaru.
  4072 | D:4      | Found a staircase to the Ecumenical Temple.
  4109 | Temple   | Entered the Ecumenical Temple
  4135 | Temple   | Became a worshipper of Ashenzari the Shackled
  4662 | D:4      | Found a shadowy altar of Dithmenos.
  4682 | D:4      | Reached XP level 8. HP: 30/67 MP: 7/7
  5126 | D:5      | Reached skill level 5 in Fighting
  5369 | D:6      | Reached skill level 6 in Long Blades
  5579 | D:6      | Found a glowing golden altar of the Shining One.
  5799 | D:6      | Reached skill level 5 in Dodging
  6003 | D:6      | Found a runed translucent door.
  6004 | D:6      | Noticed Crazy Yiuf
  6119 | D:6      | Killed Crazy Yiuf
  6529 | D:7      | Found a sacrificial altar of Ru.
  6748 | D:7      | Reached skill level 7 in Long Blades
  6748 | D:7      | Reached XP level 9. HP: 53/75 MP: 8/8
  7565 | D:8      | Reached * piety under Ashenzari
  7626 | D:8      | Noticed Harold
  7656 | D:8      | Reached skill level 8 in Long Blades
  7667 | D:8      | Reached skill level 5 in Armour
  8428 | D:8      | Killed Harold
  8429 | D:8      | Reached XP level 10. HP: 55/86 MP: 9/9
  8736 | D:8      | Found an ornate altar of the Wu Jian Council.
  8816 | D:8      | Found an opulent altar of Gozag.
  9018 | D:9      | Noticed a two-headed ogre
  9382 | D:8      | Killed a two-headed ogre
  9383 | D:8      | Reached skill level 9 in Long Blades
 10566 | D:9      | Reached XP level 11. HP: 20/95 MP: 10/10
 10574 | D:9      | Reached skill level 10 in Long Blades
 10935 | D:9      | Found Cijacw's Armour Boutique.
 11005 | D:9      | Bought the cursed +0 ring mail of Polish {Slay+2} for 262
                  | gold pieces
 11055 | D:9      | Found a radiant altar of Vehumet.
 11093 | D:9      | Noticed a moth of wrath
 11096 | D:9      | Found a bloodstained altar of Trog.
 11356 | D:9      | Found a shimmering blue altar of Sif Muna.
 11391 | D:10     | Entered Level 10 of the Dungeon
 11448 | D:10     | Identified the +1 leather armour "Kolleip" {rF++ Int+5
                  | Slay-5}
 11556 | D:10     | Noticed a two-headed ogre
 11730 | D:10     | Killed a two-headed ogre
 12477 | D:11     | Noticed a five-headed hydra
 12485 | D:11     | HP: 4/97 [five-headed hydra (10)]
 12857 | D:11     | Noticed a manticore
 13229 | D:11     | Killed a manticore
 13480 | D:11     | Mangled by a 14-headed hydra

Illustrated notes

Levels and vault maps discovered:
D:1:      dpeg_arrival_round_c, layout_loops_ring, minmay_misc_feat_tower,
          minmay_pentomino_u4
D:2:      layout_rooms, chequers_serial_rivers_room_a, solitary_fountain,
          kennysheep_jessica_study
D:3:      layout_loops_corners, uniq_natasha, uniq_sigmund
D:4:      layout_loops_ring, grunt_dithmenos_shadows, minmay_temple_entry_ruins
D:5:      layout_gridville, nicolae_overflow_crystal_walls, grunt_ministairs_14
D:6:      layout_gridville, nicolae_tso_carved_into_rock,
          uniq_crazy_yiuf_cottage
D:7:      minmay_blocky_corners, layout_loops_cross,
          nicolae_ru_sacrificial_ziggurat
D:8:      layout_cave_pools, lemuel_doored_altar, general_overflow_altar,
          uniq_harold
D:9:      layout_big_octagon, lemuel_coloured_pillars_altar,
          kennysheep_little_box, tgw_trog, serial_shops,
          nicolae_shop_behind_doors, minmay_diced_spiral
D:10:     layout_long_grid
D:11:     layout_basic, grunt_lair_entry_orc_guard_hut, enter_trove_5,
          serial_shops, shop, nzn_life_drinkers
Temple:   nicolae_temple_great_sept

Skill      XL: |  1  2  3  4  5  6  7  8  9 10 11 |
---------------+----------------------------------+-----
Long Blades    | 3 4 5 7 8 9 10 | 10.8
Dodging        | 3 4 5 6 7 |  7.9
Armour         | 1 2 3 4 5 6 7 |  7.2
Fighting       | 3 4 5 7 8 9 |  9.2
Throwing       | |  1.7

Action                   |  1- 3 |  4- 6 |  7- 9 | 10-12 || total
-------------------------+-------+-------+-------+-------++-------
Melee: Long sword        |    67 |   104 |   137 |       ||   308
       Scimitar          |       |       |   328 |   456 ||   784
Throw: Throwing net      |       |     3 |     4 |     4 ||    11
Evoke: Wand              |       |       |     5 |    11 ||    16
  Use: Scroll            |       |     2 |     9 |    15 ||    26
       Potion            |       |     2 |     7 |     2 ||    11
 Stab: Invisible         |       |       |     2 |       ||     2
       Held in net/web   |       |       |       |     4 ||     4
       Paralysed         |       |       |       |    11 ||    11
Armor: Leather armour    |    17 |    31 |       |       ||    48
       Acid dragon scale |       |       |   192 |    78 ||   270
       Ring mail         |       |       |       |    83 ||    83
Dodge: Dodged            |    60 |    56 |   409 |   318 ||   843
Block: Buckler           |       |       |    89 |    81 ||   170
       Rpst.: Long sword |    23 |    21 |    20 |       ||    64
       Scimitar          |       |       |    86 |    90 ||   176
